← All builds
Geo sea / Armada / Economy first / OBSERVED BUILD

Standard geo sea

Armada Geo sea build order · Supreme Isthmus

The role's baseline: bot lab then shipyard in the cove, early destroyer and submarine to contest the sea, with geothermal powering the economy as the game transitions into a naval/amphibious mix.

Usually shipyard in the cove (89%)

#naval #eco · 1345 distinct matches · 173 players · 79% of Armada Geo sea games · team won 55% of 1500 · Recently observed

HOW TO PLAY IT

Key timing: Shipyard by 3:12

  1. Open 3 mex and wind, then drop Bot Lab by 1:12.
  2. Build Shipyard in the cove to start the naval contest.
  3. Pump submarine then destroyer to contest enemy sea entry.
  4. Add geothermal powerplant to fund the economy transition.
  5. Upgrade to Advanced Metal Extractor as eco scaling finishes.

Phase by phase

TYPICAL OF ITS 1345 GAMES
  1. 1
  2. 2
  3. 3
  4. 4
PLAY THE OPENING

Follow the example game's first 6:00 step by step: what to build now, what comes next, and where it goes. At 1× it keeps pace with your own game.

  1. 1

    Up to the Bot Lab

    Economy
    • Metal Extractor3Mex
    • Wind Turbine3Wind
    Order
    1. Bot LabBot Lab after 3 mex, 3 winddone ~1:12, middle half 1:06–1:18

    Some games also: wind for allies (46%)

    By 0:55 in all: 3 mex · 3 wind

    The example game in this phase · 2 steps
    1. Mex ×4
    2. Bot LabBot Labdone 1:17 · typical 1:12
  2. 2

    Bot Lab to Shipyard

    Economy
    • Metal Extractor1Mex
    • Wind Turbine1Wind
    Order
    1. ShipyardShipyard after 4 mex, 4 winddone ~3:11, middle half 2:48–3:37
    Builders
    • Construction Bot3 Con bot
    • Lazarus2 Lazarus

    Some games also: pawn (42%) · con turret (39%) · crossbow (39%)

    By 2:47 in all: 4 mex · 4 wind

    The example game in this phase · 8 steps
    1. Tidalfor Pond
    2. Windfor Air
    3. LazarusLazarus
    4. Windfor Air
    5. Construction BotCon bot
    6. Mex
    7. LazarusLazarus ×2
    8. ShipyardShipyarddone 2:51 · typical 3:11
  3. 3

    Shipyard to 5:00

    Economy
    • Metal Extractor4Mex
    • Wind Turbine2Wind
    Order
    1. Bot LabEat Bot Lab
    Builders
    • Construction Ship1 Con ship
    Army
    • Dolphin3 Dolphin
    • Skater1 Skater
    Other
    • Radar Tower1 Radar Tower

    Some games also: destroyer (48%) · Sentry (44%) · submarine (44%) · converter (33%) · con turret (31%)

    By 5:00 in all: 8 mex · 7 wind · 1 energy storage · 1 con turret

    The example game in this phase · 23 steps
    1. Construction BotCon bot
    2. SkaterSkater
    3. Construction BotCon bot
    4. SkaterSkater
    5. DolphinDolphin
    6. Wind ×2
    7. DolphinDolphin
    8. Mex
    9. Construction ShipCon ship
    10. Mex
    11. HarpoonHarpoon
    12. DolphinDolphin
    13. Mex
    14. DolphinDolphin
    15. Wind
    16. EelSubmarinedone 4:53 · typical 4:27
    17. Radar TowerRadar Tower
    18. Con turret
    19. Wind
    20. Bot LabEat Bot Labreclaimed for its metal
    21. Wind
    22. DolphinDolphin
    23. Mex
  4. 4

    5:00 to 10:00

    Economy
    • Metal Extractor2Mex
    • Wind Turbine12Wind
    • Energy Converter3Converter
    Builders
    • Construction Turret1 Con turret
    • Grim Reaper1 Grim Reaper
    • Construction Ship1 Con ship
    Army
    • Sentry1 Sentry
    • Dolphin4 Dolphin
    • Skater2 Skater
    • Corsair2 Destroyer

    Some games also: Harpoon (42%) · frigate (42%) · geo (41%) · Naval Construction Turret (35%) · submarine (31%)

    By 10:00 in all: 11 mex · 20 wind · 1 geo · 4 converter · 1 energy storage · 2 con turret

    The example game in this phase · 86 steps
    1. Wind
    2. DolphinDolphin
    3. AnemoneAnemone
    4. DolphinDolphin
    5. Wind ×2
    6. DolphinDolphin
    7. EelSubmarine
    8. Wind ×3
    9. EelSubmarine
    10. Naval Radar / Sonar TowerNaval Radar / Sonar Tower
    11. Wind ×3
    12. NettleNettle
    13. Wind
    14. EelSubmarine
    15. Mex
    16. Wind ×2
    17. SentrySentry
    18. Dragon's TeethDragon's Teeth
    19. EelSubmarine
    20. Dragon's TeethDragon's Teeth
    21. Wind
    22. Dragon's TeethDragon's Teeth ×2
    23. SkaterSkater
    24. Wind
    25. Dragon's TeethDragon's Teeth
    26. Grim ReaperGrim Reaper
    27. Converter
    28. Naval Radar / Sonar TowerNaval Radar / Sonar Tower
    29. Advanced Metal ExtractorT2 mexdone 8:22 · typical 9:20
    30. SentrySentry
    31. Wind
    32. SkaterSkater
    33. Converter
    34. SkaterSkater
    35. Converter
    36. SkaterSkater ×2
    37. SentrySentry
    38. Con turret
    39. EelSubmarine
    40. Naval Radar / Sonar TowerNaval Radar / Sonar Tower
    41. DolphinDolphin
    42. Advanced Metal ExtractorT2 mex
    43. DolphinDolphin
    44. Geothermal PowerplantGeodone 11:23 · typical 7:52
    45. DolphinDolphin ×4
    46. Converter
    47. DolphinDolphin
    48. Naval Radar / Sonar TowerNaval Radar / Sonar Tower
    49. Converter
    50. DolphinDolphin ×2
    51. Converter
    52. DolphinDolphin ×5
    53. CorsairDestroyerdone 9:59 · typical 5:38
    54. Converter
    55. Advanced Metal ExtractorT2 mex
    56. CorsairDestroyer
    57. Naval Radar / Sonar TowerNaval Radar / Sonar Tower
    58. EelSubmarine
    59. Mex
    60. CorsairDestroyer
    61. Mex
    62. Naval Radar / Sonar TowerNaval Radar / Sonar Tower
    63. CorsairDestroyer
    64. Advanced Metal ExtractorT2 mex
    65. CorsairDestroyer
    66. Advanced Metal ExtractorT2 mexdone 13:11
    67. DolphinDolphin ×7
    68. Mex
    69. DolphinDolphin ×5
    70. Naval Radar / Sonar TowerNaval Radar / Sonar Tower
    71. DolphinDolphin ×3
    72. Advanced Metal ExtractorT2 mex
    73. DolphinDolphin
    74. Advanced Metal ExtractorT2 mex
    75. SkaterSkater ×6
    76. Construction ShipCon ship
    77. Con turret
    78. Mex
    79. Con turret
    80. Advanced ShipyardAdvanced Shipyarddone 14:49
    81. Naval Radar / Sonar TowerNaval Radar / Sonar Tower
    82. Con turret
    83. Advanced Metal ExtractorT2 mex
    84. Mex
    85. Advanced Construction SubAdvanced Construction Sub
    86. Naval Construction Turret

Counts are medians over the build's games: half of them build more, half fewer. The example game is jerkinston's (30 OS, 05/08/2026); pick another.

Team trades

IN AT LEAST 30% OF ITS GAMES

You hand over

  • Wind Turbine2 Wind to Airfirst at 1:41 · in 64% of games

You get

  • Finch1 Finch from Airfirst at 1:53 · in 74% of games
  • Hercules1 Light transport from Airfirst at 2:04 · in 65% of games
  • Advanced Construction Bot1 T2 con bot from Techfirst at 7:42 · in 90% of games

How it plays out

Typical game of this build, running totals by minute

Metal produced

010k20k30k
0:005:0010:0015:00

metal

Enemy metal destroyed

05k10k
0:005:0010:0015:00

metal

Own metal lost

02.5k5k7.5k
0:005:0010:0015:00

metal

1500 games.

Show as table
ByMetal produced: This buildEnemy metal destroyed: This buildOwn metal lost: This build
1:0039500
2:0092800
3:00160000
4:002877040
5:00412619054
6:005517534295
7:007055993623
8:00872116921030
9:001057824611601
10:001280633632247
11:001538544273110
12:001846854733803
13:002177264554610
14:002537275655387
15:002893884516202
WHAT THE NUMBERS SAY

Standard Geo sea play wins slightly less than half the time but builds a strong metal base by 15:00 with moderate losses.

  • + Metal produced reaches 29210 by 15:00, well above Beach sea's early pace.
  • + Corsair (destroyer) makes up 34% of army, a clear naval focus.
  • − Own metal lost climbs to 6339 by 15:00 from sea skirmishes.
  • − Geothermal only completes in 58% of games, an inconsistent power spike.
THE EXAMPLE YOU ARE READING

jerkinston

30.0 OS · 05/08/2026

Open source match ↗

7 received units · includes a constructor
56 metal received · 13701 energy received

Allied construction assistance is unknown. Timings are observations, not a promise of solo reproducibility.

Typical milestones

Bot Lab1:12Middle 50%: 1:06–1:18 · n=1458
Shipyard3:11Middle 50%: 2:48–3:37 · n=1480
Eel4:27Middle 50%: 3:45–5:38 · n=913
Corsair5:38Middle 50%: 4:56–6:38 · n=1380
Geothermal Powerplant7:52Middle 50%: 6:48–9:30 · n=943
Advanced Metal Extractor9:20Middle 50%: 8:38–10:10 · n=1312

Played most by

_X_134games of this buildJesterB65games of this buildOptimusprimenutt61games of this buildhaaven54games of this buildpyrothraxus51games of this build